Map: Newkirk Precinct TE (Void)

Players

Nerchio - Winner!

  • Race: Zerg Zerg
  • Spawn Location: 5:00

Beastyqt

  • Race: Terran Terran
  • Spawn Location: 7:00

Event: WESG 2016 Finals

VOD

Have the link to the VOD?

Description

Time

  • Played on: Jan. 12, 2017, 5:16 a.m.
  • Length: 22:40

All games in this series

Show
View Real Time Build Order
Export as new Build Order

Nerchio Zerg - Winner!

Build Orders: Pool First, Roach Nydus 

Get SALT Encoding   

  12  0:00  Drone  
  13  0:13  Overlord  
  13  0:18  Drone  
  14  0:31  Drone x2  
  14  0:34  Drone  
  17  0:45  Spawning Pool  
  17  0:49  Drone  
  17  1:10  Hatchery  
  16  1:13  Drone  
  16  1:16  Drone  
  16  1:18  Extractor  
  17  1:22  Drone  
  18  1:31  Queen  
  20  1:35  Zergling x2  
  21  1:40  Drone  
  22  1:49  Overlord  
  22  2:07  Drone, Queen  
  25  2:11  Drone  
  26  2:22  Queen  
  28  2:23  Drone  
  28  2:28  Drone  
  30  2:40  Drone  
  30  2:41  Drone x2  
  33  2:44  Lair  
  33  2:48  Drone x3, Extractor  
  35  2:53  Overlord  
  35  3:02  Roach Warren  
  33  3:11  Drone x2  
  35  3:13  Drone x2  
  35  3:16  Drone  
  35  3:17  Drone  
  35  3:19  Overlord  
  39  3:25  Overlord  
  39  3:42  Queen  
  39  3:43  Roach, Nydus Network  
  42  3:50  Roach x2  
  42  3:52  Roach  
  48  3:57  Roach  
  48  4:02  Overlord  
  50  4:06  Overseer  
  50  4:09  Drone x3  
  53  4:13  Drone x2  
  55  4:30  Nydus Canal  
  55  4:36  Zergling x4  
  55  4:37  Zergling x8  
  55  4:52  Queen  
  50  4:54  Roach  
  50  4:57  Roach x3  
  46  5:01  Roach  
  46  5:02  Drone  
  46  5:07  Drone x2  
  46  5:11  Drone  
  47  5:19  Queen  
  49  5:23  Drone  
  49  5:25  Drone  
  51  5:32  Drone  
  51  5:33  Glial Reconstitution  
  52  5:36  Overlord  
  52  5:43  Overseer  
  52  5:52  Hatchery  
  51  5:58  Drone x3  
  51  6:02  Drone x2  
  51  6:03  Drone  
  57  6:06  Roach  
  59  6:13  Nydus Canal  
  59  6:14  Overlord  
  59  6:17  Drone  
  60  6:20  Overlord  
  60  6:33  Queen  
  60  6:34  Drone  
  60  6:35  Drone x5  
  68  6:46  Ravager x2  
  68  6:50  Overlord  
  68  6:58  Drone  
  68  6:59  Drone x2  
  68  7:00  Overlord  
  68  7:03  Queen  
  68  7:06  Overlord  
  70  7:08  Queen  
  70  7:12  Roach x2  
  76  7:15  Evolution Chamber  
  76  7:18  Extractor  
  76  7:22  Roach x3  
  80  7:24  Roach  
  80  7:25  Roach  
  80  7:26  Drone  
  80  7:27  Drone  
  86  7:32  Ravager  
  86  7:34  Roach x2  
  86  7:35  Roach  
  86  7:36  Roach  
  90  7:41  Roach  
  88  7:48  Drone x2, Queen  
  88  7:49  Queen  
  92  7:54  Roach x2  
  92  7:57  Roach  
  94  8:05  Drone x3  
  87  8:06  Drone  
  87  8:07  Drone  
  87  8:10  Extractor  
  87  8:11  Extractor  
  82  8:14  Roach  
  82  8:16  Roach  
  86  8:20  Roach  
  86  8:22  Roach, Hatchery  
  86  8:25  Drone x3  
  92  8:29  Extractor  
  92  8:30  Evolution Chamber  
  90  8:35  Roach x2  
  90  8:39  Overlord  
  94  8:45  Drone x4  
  94  8:47  Zerg Missile Weapons Level 1  
  98  8:50  Overlord  
  98  8:53  Overlord  
  98  9:03  Drone x3  
  98  9:04  Hydralisk Den  
  98  9:06  Infestation Pit  
  98  9:08  Drone x3  
  98  9:09  Drone  
  102  9:19  Drone x6  
  102  9:22  Drone  
  102  9:23  Drone  
  110  9:24  Drone  
  111  9:33  Ravager  
  111  9:34  Ravager x2, Overlord, Extractor x2  
  111  9:37  Drone x3  
  115  9:43  Muscular Augments  
  115  9:45  Hive  
  115  9:48  Overlord  
  115  9:50  Hydralisk  
  115  9:52  Spore Crawler  
  110  9:53  Spore Crawler  
  110  9:55  Hydralisk  
  110  9:58  Spore Crawler  
  110  9:59  Spore Crawler  
  103  10:02  Hydralisk, Overseer  
  103  10:06  Hydralisk, Overseer  
  102  10:07  Hydralisk  
  102  10:11  Overseer  
  101  10:14  Hydralisk  
  101  10:16  Hydralisk  
  101  10:18  Hydralisk  
  107  10:22  Hydralisk  
  107  10:26  Drone x4  
  109  10:33  Drone x4  
  109  10:34  Drone  
  105  10:36  Hydralisk  
  105  10:38  Hydralisk x2  
  105  10:42  Hydralisk  
  110  10:48  Hydralisk  
  112  10:51  Overlord  
  112  10:54  Overlord  
  112  10:58  Drone  
  112  10:59  Drone  
  112  11:00  Drone x2  
  112  11:05  Overlord x2  
  112  11:06  Overlord  
  112  11:16  Spire, Zerg Missile Weapons Level 2  
  111  11:18  Overseer  
  111  11:20  Hydralisk  
  113  11:32  Spore Crawler  
  112  11:33  Spore Crawler  
  112  11:35  Hydralisk x3  
  112  11:37  Drone  
  112  11:38  Drone  
  111  11:42  Drone x3  
  108  11:48  Drone x2, Spore Crawler  
  108  11:49  Drone  
  108  11:51  Drone  
  108  11:53  Drone  
  112  11:55  Drone  
  112  11:56  Drone  
  112  12:00  Drone x2  
  116  12:01  Drone  
  116  12:03  Drone  
  116  12:06  Drone x2  
  116  12:08  Drone  
  121  12:18  Drone, Ravager  
  121  12:19  Drone x3  
  121  12:20  Spore Crawler  
  121  12:22  Hydralisk  
  127  12:26  Hydralisk x2  
  127  12:29  Hydralisk  
  133  12:31  Viper  
  133  12:36  Queen  
  138  12:38  Pneumatized Carapace  
  138  12:40  Hydralisk  
  139  12:45  Hydralisk x2  
  139  12:50  Drone x3  
  143  12:52  Spore Crawler  
  143  12:55  Zerg Flyer Armor Level 1  
  143  12:57  Viper  
  145  12:59  Viper  
  145  13:02  Viper  
  151  13:12  Overlord x2  
  151  13:14  Overlord x2  
  151  13:18  Overlord  
  151  13:21  Overlord x2  
  151  13:27  Overlord x2  
  151  13:34  Hydralisk  
  151  13:35  Hydralisk x3  
  151  13:40  Hydralisk  
  151  13:41  Hydralisk  
  161  13:43  Hydralisk  
  165  13:50  Nydus Canal  
  165  13:56  Hydralisk  
  165  13:57  Hydralisk x4  
  165  14:02  Hydralisk x2  
  177  14:09  Hydralisk  
  177  14:14  Hydralisk  
  177  14:15  Hydralisk x3  
  177  14:16  Hydralisk  
  185  14:22  Hydralisk  
  185  14:23  Hydralisk  
  187  14:32  Drone x4  
  187  14:34  Hydralisk x3  
  197  14:42  Hydralisk  
  199  14:49  Zerg Flyer Weapons Level 1  
  195  14:53  Hydralisk x3  
  195  14:58  Hydralisk  
  198  15:01  Nydus Canal  
  198  15:02  Hydralisk  
  200  15:07  Corruptor  
  194  15:25  Roach x4  
  197  15:36  Viper  
  191  15:43  Viper x3  
  169  16:02  Zerg Missile Weapons Level 3  
  169  16:04  Viper x2, Evolution Chamber  
  169  16:08  Spore Crawler  
  169  16:09  Spore Crawler  
  169  16:10  Hatchery  
  171  16:15  Drone  
  171  16:16  Drone x2, Spore Crawler  
  171  16:17  Spore Crawler  
  172  16:21  Zerg Ground Armor Level 1  
  172  16:25  Drone x2  
  174  16:26  Spore Crawler  
  174  16:31  Evolution Chamber  
  172  16:33  Evolution Chamber  
  172  16:35  Hydralisk x2  
  172  16:39  Drone x2  
  177  16:46  Hydralisk  
  177  16:47  Hydralisk  
  181  17:00  Hydralisk x3  
  180  17:06  Hydralisk x3  
  178  17:09  Viper  
  178  17:14  Drone x3  
  184  17:18  Viper  
  184  17:20  Viper  
  178  17:30  Viper x2  
  180  17:41  Hydralisk x4  
  188  17:47  Hydralisk x2  
  192  17:52  Hydralisk  
  192  17:53  Hydralisk, Extractor  
  192  17:54  Extractor  
  194  18:04  Zerg Flyer Weapons Level 2  
  194  18:09  Hydralisk  
  194  18:10  Hydralisk x2  
  200  18:15  Nydus Canal  
  194  18:27  Hydralisk x4  
  198  18:40  Hydralisk  
  198  18:41  Hydralisk x4  
  185  18:46  Hydralisk  
  187  18:54  Viper x2  
  176  18:57  Viper  
  176  19:00  Drone  
  176  19:01  Drone  
  178  19:04  Spore Crawler  
  177  19:10  Hydralisk x2  
  177  19:14  Hydralisk  
  183  19:17  Drone  
  183  19:18  Drone  
  183  19:22  Spore Crawler  
  184  19:31  Hydralisk  
  184  19:32  Hydralisk x2  
  180  19:46  Hydralisk x5  
  170  19:53  Hydralisk x2  
  170  19:57  Hydralisk  
  170  19:59  Hydralisk  
  168  20:08  Drone  
  168  20:13  Hatchery  
  164  20:14  Hydralisk  
  164  20:16  Hydralisk  
  166  20:26  Drone  
  166  20:27  Drone, Hydralisk  
  166  20:28  Hydralisk x2  
  174  20:41  Hydralisk x4  
  182  20:49  Overlord  
  182  20:50  Overlord  
  182  20:52  Overlord  
  182  20:58  Nydus Canal  
  182  20:59  Overlord  
  182  21:02  Overlord  
  182  21:12  Hydralisk  
  182  21:13  Hydralisk x2  
  182  21:14  Hydralisk  
  182  21:18  Hydralisk  
  167  21:22  Hydralisk  
  170  21:28  Viper x2  
  165  21:33  Hydralisk  
  165  21:36  Roach  
  165  21:39  Roach  
  167  21:42  Roach  
  167  21:44  Nydus Canal  
  167  21:55  Hydralisk x3  
  167  21:57  Hydralisk  
  175  22:02  Hydralisk  
  175  22:05  Hydralisk  
  179  22:11  Hydralisk  
Show
View Real Time Build Order
Export as new Build Order

Beastyqt Terran 

Build Orders: Reaper Expand 

Get SALT Encoding   

  12  0:00  SCV  
  13  0:12  SCV  
  14  0:17  Supply Depot  
  14  0:24  SCV  
  15  0:29  Refinery  
  15  0:39  SCV  
  16  0:45  Barracks  
  16  0:51  SCV  
  17  1:03  SCV  
  18  1:15  SCV  
  19  1:32  Orbital Command, Reaper  
  20  1:44  Command Center  
  20  1:55  Factory  
  20  2:00  SCV  
  21  2:05  Refinery  
  21  2:07  Barracks Reactor  
  21  2:12  SCV  
  22  2:17  Supply Depot  
  22  2:24  SCV  
  23  2:39  SCV  
  23  2:43  Starport  
  24  2:51  SCV  
  25  2:54  Hellion x2, Barracks Tech Lab  
  28  3:03  SCV  
  29  3:15  SCV  
  29  3:19  Hellion  
  34  3:21  Orbital Command  
  34  3:27  SCV  
  34  3:29  Corvid Reactor  
  34  3:33  Viking  
  35  3:39  Hellion  
  37  3:42  SCV  
  37  3:47  Hellion  
  37  3:48  SCV  
  41  3:55  SCV  
  42  3:57  Supply Depot  
  42  4:01  SCV  
  43  4:02  Raven  
  45  4:10  Marine  
  45  4:12  SCV  
  45  4:15  Hellion  
  46  4:19  SCV  
  46  4:20  Cyclone  
  46  4:22  Supply Depot  
  46  4:24  SCV  
  51  4:29  Marine, Bunker  
  51  4:31  SCV  
  53  4:36  SCV  
  54  4:44  Hellion, SCV  
  57  4:48  SCV  
  55  4:54  Hellion  
  55  4:56  SCV  
  45  5:00  SCV  
  45  5:06  Raven  
  47  5:08  SCV  
  47  5:12  SCV  
  47  5:13  Supply Depot  
  46  5:20  SCV  
  47  5:22  Hellion  
  47  5:23  Hellion  
  47  5:24  SCV  
  52  5:32  SCV  
  53  5:36  SCV  
  53  5:37  Command Center  
  53  5:38  Supply Depot  
  54  5:45  SCV  
  54  5:46  Hellion  
  54  5:47  Hellion  
  54  5:49  Barracks Tech Lab  
  59  5:52  SCV  
  60  5:57  Refinery x2  
  60  5:58  SCV  
  60  6:03  Viking  
  63  6:05  SCV  
  63  6:07  Marine  
  63  6:10  SCV  
  66  6:17  SCV  
  67  6:24  Cyclone x2  
  73  6:33  SCV  
  73  6:37  SCV  
  75  6:41  Starport  
  75  6:45  SCV  
  76  6:49  SCV  
  76  6:52  Armory  
  77  6:57  SCV  
  77  7:00  Orbital Command  
  76  7:07  SCV  
  77  7:09  Hellion x2, Banshee  
  77  7:15  Barracks Reactor, SCV, Supply Depot, Armory  
  85  7:16  Engineering Bay, Starport  
  85  7:23  Supply Depot  
  85  7:28  SCV  
  86  7:30  Hellion, SCV  
  86  7:32  SCV  
  86  7:40  SCV  
  86  7:42  SCV  
  85  7:49  Orbital Command  
  83  7:52  SCV  
  83  7:55  Hellion  
  83  7:56  Hellion  
  86  7:59  SCV  
  86  8:02  Banshee  
  86  8:04  SCV  
  86  8:05  Liberator  
  85  8:09  Missile Turret  
  85  8:11  Terran Ship Weapons Level 1, Terran Vehicle And Ship Armor Level 1, SCV  
  80  8:13  Banshee  
  80  8:14  Cloaking Field  
  80  8:17  SCV x2  
  83  8:20  Refinery  
  83  8:21  Refinery  
  83  8:23  Hellion x2  
  83  8:24  SCV, Viking  
  93  8:29  SCV x2  
  93  8:31  Supply Depot  
  93  8:36  SCV  
  94  8:41  SCV  
  94  8:42  Fusion Core  
  94  8:45  SCV  
  94  8:46  Hellion x2  
  96  8:48  Banshee  
  96  8:49  Liberator  
  96  8:51  SCV  
  96  8:53  Liberator  
  100  8:56  Missile Turret  
  100  9:00  Command Center  
  100  9:05  Banshee  
  100  9:08  Hellion x2  
  105  9:17  Supply Depot  
  105  9:20  Supply Depot  
  105  9:21  Supply Depot  
  105  9:23  Hyperflight Rotors  
  105  9:30  Hellion, Sensor Tower  
  105  9:31  Hellion  
  109  9:35  Banshee  
  112  9:43  Liberator  
  110  9:49  Banshee  
  113  9:54  Hellion  
  115  10:01  Command Center  
  115  10:02  Command Center  
  115  10:05  Liberator  
  118  10:16  Starport  
  118  10:17  Starport  
  118  10:18  Banshee  
  121  10:22  Hellion x2  
  118  10:41  Terran Ship Weapons Level 2  
  118  10:42  Terran Vehicle And Ship Armor Level 2  
  113  10:44  Command Center  
  113  10:47  Hellion x2  
  111  10:51  Liberator x2  
  111  10:57  Command Center x2  
  111  11:00  Starport Tech Lab x2  
  108  11:10  Planetary Fortress  
  114  11:13  Liberator x2  
  114  11:15  Orbital Command  
  114  11:26  Hellion, Missile Turret  
  114  11:27  Refinery  
  114  11:29  Refinery, Missile Turret  
  114  11:32  SCV  
  123  11:33  Hellion  
  123  11:38  Advanced Ballistics  
  125  11:43  Orbital Command  
  122  11:47  Hellion  
  122  11:49  Liberator  
  122  11:54  Banshee x2  
  127  11:55  Hellion  
  127  11:57  Orbital Command  
  127  12:00  Liberator  
  126  12:02  Liberator  
  129  12:09  Hellion  
  129  12:10  Orbital Command x2  
  131  12:16  Hellion  
  139  12:32  Liberator  
  139  12:36  Hellion  
  141  12:37  Banshee x3  
  141  12:38  Hellion  
  152  12:58  Planetary Fortress  
  152  13:03  Battlecruiser  
  158  13:10  Hellion x2  
  160  13:13  Missile Turret  
  160  13:14  Refinery, Missile Turret  
  160  13:15  Liberator  
  160  13:16  Command Center  
  160  13:18  Refinery, Terran Ship Weapons Level 3  
  160  13:19  Terran Vehicle And Ship Armor Level 3  
  147  13:32  Hellion x2  
  147  13:33  Viking  
  154  13:37  Missile Turret  
  154  13:40  Missile Turret  
  154  13:52  Sensor Tower  
  154  13:53  Hellion x2  
  152  14:13  Battlecruiser  
  152  14:14  Battlecruiser  
  152  14:15  Hellion x2  
  163  14:18  Battlecruiser  
  163  14:23  Sensor Tower  
  166  14:25  Missile Turret  
  154  14:33  Battlecruiser  
  154  14:35  Orbital Command  
  154  14:36  Hellion  
  154  14:37  Hellion  
  158  14:57  Weapon Refit  
  153  15:03  Hellion x2  
  157  15:07  Factory  
  157  15:18  Battlecruiser  
  157  15:24  Hellion  
  148  15:33  Battlecruiser  
  160  15:43  Battlecruiser  
  160  15:46  Hellion x2  
  147  15:54  Orbital Command  
  144  16:08  Hellion x2  
  148  16:12  Refinery  
  148  16:19  Battlecruiser  
  148  16:23  Hellion  
  156  16:29  Hellion  
  156  16:30  Refinery x2  
  158  16:38  Missile Turret  
  158  16:40  Missile Turret  
  158  16:41  Sensor Tower  
  157  17:00  Missile Turret  
  149  17:07  Battlecruiser, Hellion x2  
  153  17:21  Factory Tech Lab  
  153  17:24  Command Center  
  153  17:29  Hellion  
  153  17:33  Battlecruiser  
  153  17:34  Hellion, Orbital Command  
  153  17:35  Liberator x2  
  161  17:50  Hellion  
  169  18:02  SCV x2  
  169  18:03  Command Center  
  171  18:06  Infernal Pre-Igniter  
  171  18:08  Command Center  
  171  18:09  Command Center  
  168  18:25  Liberator x2  
  145  18:43  SCV  
  145  18:44  SCV  
  144  18:58  Liberator  
  144  19:00  SCV  
  144  19:02  Refinery x2  
  145  19:10  Refinery  
  148  19:17  Planetary Fortress  
  148  19:32  Planetary Fortress  
  148  19:34  Orbital Command  
  124  19:57  Battlecruiser  
  123  20:03  Orbital Command  
  118  20:13  Refinery  
  117  20:25  Hellion x3, Liberator  
  123  20:31  Orbital Command  
  121  20:40  Missile Turret  
  121  20:41  Missile Turret  
  118  20:47  Hellion x3  
  124  21:08  Hellion  
  117  21:12  Hellion  
  113  21:22  Hellion  
  115  21:30  Hellion  
  99  21:41  SCV  
  99  21:44  Hellion  
  99  21:53  Hellion  
  101  21:57  Starport  
  101  21:58  Starport  
  100  22:02  Starport  
  100  22:05  Hellion  
  98  22:11  SCV  
  98  22:13  Refinery  
  98  22:15  Refinery  
  98  22:16  Refinery  
  98  22:18  Hellion  
  98  22:19  SCV  
  98  22:22  SCV  
Tags
 
Add a new tag
Caveats
  • Supply blocks, unpowered buildings, or Contaminate may cause inaccurate times.
  • Supply counts are checked every 10 seconds.